Description

One hit quitter

Replay - Crisper - One base lair opening

Build Order

Get SALT Encoding   

  12  0:01  Drone x2  
  14  0:31  Spawning Pool  
  14  0:34  Drone x2  
  14  0:35  Extractor x2  
  13  0:53  Drone  
  13  0:56  Overlord  
  14  1:19  Queen  
  14  1:21  Zergling x6  
  19  1:34  Metabolic Boost  
  19  1:38  Drone  
  20  1:53  Zergling x2  
  21  2:07  Overlord  
  21  2:08  Zergling x2  
  22  2:11  Lair  
  22  2:43  Zergling x16  
  30  3:06  Overlord  
  30  3:13  Nydus Network  
  28  3:38  Queen  
  28  3:40  Zergling x8  
  34  3:52  Nydus Canal  
  34  4:02  Overseer  
  31  4:36  Zergling x11, Queen  
Spawning Tool Build Advisor. Get it on Overwolf

Go to:

Details

  • Created by: crisperrgk
  • Published on: Mar 05, 2017
  • Modified on: Mar 26, 2017
  • Patch: 3.8.0
Show
View Real Time Build Order
Export as new Build Order

Comments (0)

There are no comments. Be the first!

Create an account to comment!